Map: 光影交错-天梯版

Players

Yukki (ReWhite) - Winner!

  • Race: Protoss Protoss
  • League: Master

TIME (Oliveira)

  • Race: Terran Terran

Event: DreamHack SC2 Masters 2021 Winter

VOD

Have the link to the VOD?

Description

Time

  • Played on: Oct. 6, 2021, 7:22 a.m.
  • Length: 4:31

All games in this series

Show
View Real Time Build Order
Export as new Build Order

Yukki Protoss - Winner!

Build Orders:  

Get SALT Encoding   

  12  0:00  Probe  
  13  0:12  Probe  
  14  0:17  Pylon  
  14  0:24  Probe  
  15  0:36  Probe (Chrono Boost)  
  15  0:37  Gateway  
  16  0:44  Assimilator  
  16  0:49  Probe (Chrono Boost)  
  17  0:54  Probe (Chrono Boost)  
  18  1:03  Probe  
  19  1:05  Pylon  
  19  1:15  Probe  
  20  1:24  Cybernetics Core  
  20  1:26  Zealot  
  20  1:32  Gateway  
  22  1:35  Probe  
  23  1:40  Pylon  
  23  1:47  Assimilator  
  23  1:51  Probe  
  24  1:58  Adept (Chrono Boost)  
  24  2:01  Warp Gate (Chrono Boost)  
  26  2:12  Probe  
  27  2:18  Adept (Chrono Boost)  
  29  2:31  Probe  
  29  2:32  Stalker (Chrono Boost)  
  30  2:39  Shield Battery  
  30  2:40  Shield Battery  
  30  2:42  Stalker  
  28  2:58  Shield Battery  
  28  3:04  Probe  
  29  3:12  Stalker  
  31  3:23  Shield Battery  
  30  3:32  Probe  
  29  3:49  Stalker  
  31  4:00  Stalker  
  31  4:02  Probe  
  32  4:03  Nexus  
  30  4:14  Probe  
  30  4:16  Stalker  
Show
View Real Time Build Order
Export as new Build Order

TIME Terran 

Build Orders:  

Get SALT Encoding   

  12  0:00  SCV  
  13  0:12  SCV  
  14  0:17  Supply Depot  
  14  0:24  SCV  
  15  0:40  Barracks  
  16  0:44  Refinery  
  16  0:45  SCV  
  16  0:58  SCV  
  16  0:59  Refinery  
  17  1:10  SCV  
  19  1:27  Reaper  
  19  1:28  Orbital Command  
  19  1:35  Supply Depot  
  19  1:37  Engineering Bay  
  19  1:52  Factory  
  19  1:57  SCV  
  20  2:01  Reaper  
  21  2:09  SCV  
  22  2:25  SCV  
  22  2:35  Starport  
  22  2:36  Widow Mine  
  24  2:39  SCV  
  25  2:49  Bunker  
  23  2:52  SCV  
  23  2:58  Factory Tech Lab  
  24  3:05  SCV  
  24  3:18  Cyclone  
  26  3:21  Viking  
  26  3:26  SCV  
  29  3:39  SCV  
  23  3:51  SCV  
  22  4:08  SCV  

Tags
 
Add a new tag
Caveats
  • Supply blocks, unpowered buildings, or Contaminate may cause inaccurate times.
  • Supply counts are checked every 10 seconds.